AoeStats
← Elias Lönnrot

Nomad

506884792Analyzed
3v3 RM · 15d ago on Sep 15, 2026· 42m 32s· 6 players
Game mode
Random Map
Map size
210×210
Population
200
Speed
Normal
Resources
Standard
Victory
Conquest
Starting age
Dark Age
Ending age
Imperial Age
RankedLock teamsTeams togetherTeam positionsShared explorationLock speedFull tech treeHidden civsTurbo modeCheats
Victory
Defeat
🇹🇷 Mongols · Türkiye
1483
+14
🇫🇷 Japanese · France
1458
+15
🇺🇸 Vikings · United States
1458
+15
🇫🇮 Goths · Finland
1615
-21
🇫🇮 Jurchens · Finland
1472
-15
🇫🇮 Koreans · Finland
1248
-19
Elias Lönnrot
4:40 Loom
14:10 Feudal Age
16:34 Fletching
18:12 Fishing Lines
18:36 Double-Bit Axe
23:29 Castle Age
25:36 Wheelbarrow
25:18 Bow Saw
26:26 Gillnets
29:19 Town Watch
29:33 Horse Collar
30:03 Gold Mining
31:44 Stone Mining
32:37 Gold Shaft Mining
32:01 Bodkin Arrow
32:34 Medium Warships
35:12 Imperial Age
34:06 Hand Cart
36:24 Bracer
37:49 Conscription
38:13 Elite War Wagon
Dasran
11:59 Loom
14:32 Feudal Age
18:00 Castle Age
18:34 Scale Barding Armor
18:40 Forging
18:20 Double-Bit Axe
21:46 Horse Collar
23:49 Chain Barding Armor
26:02 Iron Casting
28:06 Bloodlines
32:08 Bow Saw
33:45 Wheelbarrow
32:57 Town Watch
38:32 Imperial Age
37:42 Fishing Lines
39:22 Ballistics
39:13 Masonry
39:00 Murder Holes
38:47 Treadmill Crane
39:30 Husbandry
41:05 Fletching
40:41 Light Cavalry
41:53 Gillnets
30Markus
7:04 Loom
13:30 Feudal Age
16:06 Forging
16:48 Fishing Lines
17:06 Double-Bit Axe
22:00 Castle Age
20:42 Gold Mining
22:54 Medium Warships
23:16 Horse Collar
25:32 Wheelbarrow
26:10 Fletching
29:39 Bow Saw
30:05 Hand Cart
29:52 Stone Mining
35:29 Imperial Age
33:30 Scale Mail Armor
35:04 Chain Mail Armor
35:25 Iron Casting
35:03 Gillnets
36:05 Ballistics
Certtes
14:13 Feudal Age
19:23 Castle Age
17:27 Horse Collar
17:42 Stone Mining
17:45 Gold Mining
19:22 Double-Bit Axe
20:44 Bow Saw
29:46 Wheelbarrow
29:18 Heavy Plow
31:21 Hand Cart
35:59 Imperial Age
33:17 Loom
33:18 Town Watch
33:31 Town Watch
33:14 Man-at-Arms
33:40 Gambesons
33:59 Scale Mail Armor
34:09 Forging
34:40 Long Swordsman
34:43 Pikeman
35:25 Squires
35:10 Arson
36:21 Chain Mail Armor
36:42 Iron Casting
36:01 Two-Handed Swordsman
36:05 Capped Ram
37:17 Conscription
37:51 Fortified Wall
37:20 Champion
43:41 Plate Mail Armor
44:12 Blast Furnace
KİNGBURAK53
10:19 Loom
12:45 Feudal Age
13:40 Double-Bit Axe
20:02 Castle Age
18:10 Fletching
19:15 Padded Archer Armor
20:19 Horse Collar
20:59 Bodkin Arrow
29:29 Leather Archer Armor
33:01 Ballistics
37:31 Imperial Age
35:07 Husbandry
35:17 Bloodlines
35:38 Murder Holes
36:47 Wheelbarrow
36:19 Gold Mining
36:26 Stone Mining
37:28 Nomads
38:52 Hand Cart
38:20 Light Cavalry
40:06 Hussar
41:28 Bracer
41:57 Scale Barding Armor
42:02 Forging
BungaloBones
4:23 Loom
5:13 Loom
12:50 Feudal Age
17:04 Castle Age
15:15 Fishing Lines
16:23 Double-Bit Axe
18:30 Bow Saw
18:57 Gillnets
20:55 Horse Collar
25:01 Heavy Plow
26:40 Scale Barding Armor
31:52 Imperial Age
29:14 Fletching
28:52 Crossbowman
29:35 Padded Archer Armor
29:33 Gold Mining
30:36 Ballistics
30:14 Bodkin Arrow
30:58 Leather Archer Armor
30:59 Stone Mining
32:07 Masonry
31:54 Capped Ram
31:57 Arbalester
32:39 Bracer
32:43 Town Watch
33:16 Siege Ram
36:07 Chemistry
40:00 Ring Archer Armor
41:12 Onager
42:16 Cavalier
43:24 Conscription
Connection lost

Rejoining the realm…

Still unreachable

The connection could not be restored.

Session expired

The server has moved on; the page needs a fresh start.